 Dungeon Crawl Stone Soup version 0.27-a0-1456-gf5a116941d (webtiles) character file.

Game seed: 14619017579899959972

45788 blackman the Warrior (level 14, -29/137 HPs)
             Began as a Minotaur Fighter on July 5, 2021.
             Was a High Priest of Makhleb.
             Killed from afar by an ice dragon (51 damage)
             ... with a blast of cold
             ... on level 15 of the Dungeon.
             The game lasted 01:16:11 (21678 turns).

blackman the Warrior (Minotaur Fighter)            Turns: 21678, Time: 01:16:12

Health: -29/137    AC: 22    Str: 31    XL:     14   Next: 2%
Magic:  13/13      EV:  6    Int:  5    God:    Makhleb [*****.]
Gold:   1550       SH: 22    Dex: 11    Spells: 13/13 levels left

rFire    . . .     SeeInvis .   a - +1 war axe (spect)
rCold    . . .     Faith    .   U - +0 tower shield
rNeg     . . .     Spirit   .   i - +0 plate armour
rPois    .         Reflect  .   K - +0 hat
rElec    .         Harm     .   x - +0 cloak
rCorr    .         Rampage  .   A - +1 pair of gloves
Will     +....                  F - +0 pair of boots
Stlth    ..........             (no amulet)
HPRegen  0.32/turn              m - +6 ring of strength
MPRegen  0.13/turn              G - +4 ring of protection

@: mighty
A: horns 2, retaliatory headbutt
a: Renounce Religion, Minor Destruction, Lesser Servant of Makhleb, Major
Destruction, Greater Servant of Makhleb


You were on level 15 of the Dungeon.
You worshipped Makhleb.
Makhleb was extremely pleased with you.
You visited 2 branches of the dungeon, and saw 16 of its levels.

You collected 1670 gold pieces.
You spent 120 gold pieces at shops.

Inventory:

Hand Weapons
 a - a +1 spectral war axe (weapon)
 e - a +1 whip of venom
 w - a +4 quarterstaff of chaos
 P - a +3 scimitar of flaming
 T - a +0 great sword
Missiles
 n - 5 curare-tipped darts (quivered)
 p - 7 atropa-tipped darts
 E - a throwing net
Armour
 c - a +0 kite shield
 i - a +0 plate armour (worn)
 x - a +0 cloak (worn)
 A - a +1 pair of gloves (worn)
 F - a +0 pair of boots (worn)
 K - a +0 hat (worn)
 U - a +0 tower shield (worn)
Jewellery
 m - a +6 ring of strength (left hand)
 C - a ring of resist corrosion
 G - a +4 ring of protection (right hand)
 H - a ring of protection from fire
Wands
 s - a wand of flame (15)
 J - a wand of charming (4)
 N - a wand of iceblast (3)
 R - a wand of polymorph (3)
 V - a wand of digging (5)
Scrolls
 b - a scroll of blinking {unknown}
 d - 3 scrolls of enchant weapon
 h - a scroll of magic mapping
 j - a scroll of vulnerability
 o - 5 scrolls of fear
 q - 2 scrolls of enchant armour
 r - 6 scrolls of fog
 y - 2 scrolls of amnesia
 I - 3 scrolls of brand weapon
 L - a scroll of silence {unknown}
 M - a scroll of immolation
 S - a scroll of torment {unknown}
Potions
 f - 3 potions of invisibility
 l - 6 potions of curing
 t - 4 potions of flight
 u - 2 potions of brilliance
 v - 2 potions of lignification
 z - 5 potions of cancellation
 B - 2 potions of degeneration
 D - 4 potions of attraction
 O - a potion of might
 Q - a potion of resistance
Miscellaneous
 g - a box of beasts
 k - a piece from Xom's chessboard (15/15)


   Skills:
 + Level 16.1 Fighting
 + Level 16.0 Axes
 * Level 7.2 Armour
 - Level 15.1 Shields
 * Level 4.4 Evocations


You had 13 spell levels left.
You didn't know any spells.
Your spell library contained the following spells:

 Spells                   Type           Power      Damage    Failure   Level
 Animate Skeleton         Necr           0%         N/A       100%        1
 Apportation              Tloc           0%         N/A       100%        1
 Corona                   Hex            0%         N/A       100%        1
 Freeze                   Ice            0%         1d3       100%        1
 Summon Small Mammal      Summ           0%         N/A       100%        1
 Static Discharge         Conj/Air       0%         N/A       100%        2
 Sublimation of Blood     Necr           0%         N/A       100%        2
 Wereblood                Tmut           0%         N/A       100%        2
 Dazzling Flash           Conj/Hex       0%         N/A       100%        3
 Frozen Ramparts          Ice            0%         1d2       100%        3
 Inner Flame              Hex/Fire       0%         N/A       100%        3
 Ozocubu's Armour         Ice            0%         N/A       100%        3
 Stone Arrow              Conj/Erth      0%         3d7       100%        3
 Summon Guardian Golem    Hex/Summ       0%         N/A       100%        3
 Animate Armour           Summ/Erth      0%         N/A       100%        4
 Cause Fear               Hex            0%         N/A       100%        4
 Hailstorm                Conj/Ice       0%         3d3       100%        4
 Iskenderun's Mystic Bla  Conj/Tloc      0%         2d3       100%        4
 Petrify                  Tmut/Erth      0%         N/A       100%        4
 Summon Ice Beast         Ice/Summ       0%         N/A       100%        4
 Bolt of Magma            Conj/Fire/Erth 0%         4d4       100%        5
 Borgnjor's Vile Clutch   Necr/Erth      0%         N/A       100%        5
 Freezing Cloud           Conj/Ice/Air   0%         6-21      100%        5
 Lightning Bolt           Conj/Air       0%         1d11      100%        5
 Metabolic Englaciation   Hex/Ice        0%         N/A       100%        5
 Summon Mana Viper        Hex/Summ       0%         N/A       100%        5
 Simulacrum               Ice/Necr       0%         N/A       100%        6
 Starburst                Conj/Fire      0%         8x6d3     100%        6
 Statue Form              Tmut/Erth      0%         N/A       100%        6
 Orb of Destruction       Conj           0%         N/A       100%        7
 Ozocubu's Refrigeration  Ice            0%         4d5       100%        7
 Spellforged Servitor     Conj/Summ      0%         N/A       100%        7
 Summon Hydra             Summ           0%         N/A       100%        7
 Discord                  Hex            0%         N/A       100%        8
 Maxwell's Capacitive Co  Air            0%         ∞         100%        8
 Polar Vortex             Ice            0%         N/A       100%        9
 Shatter                  Erth           0%         3d5*      100%        9


Dungeon Overview and Level Annotations

Branches:
Dungeon (15/15)            Temple (1/1) D:4            Lair (0/6) D:11
    Orc (0/2) D:12         Vaults (0/5) D:13
 Depths: D:15

Altars:
Ashenzari
Cheibriados
Dithmenos
Elyvilon
Fedhas
Gozag
Hepliaklqana
Kikubaaqudgha
Makhleb
Nemelex Xobeh
Okawaru
Ru
Sif Muna
Trog
Uskayaw
Vehumet
Wu Jian
Xom
Yredelemnul
Zin
The Shining One
Beogh

Shops:
D:12 =   D:14 !

Annotations:
D:8 2 runed translucent doors


Innate Abilities, Weirdness & Mutations

You have a pair of horns on your head.
You reflexively headbutt those who attack you in melee.


Message History

Your spectral weapon shares its damage with you!
The ice dragon claws your spectral +1 spectral war axe!
Your spectral weapon shares its damage with you!
The ice dragon completely misses your spectral +1 spectral war axe.
You hit the ice dragon. Your headbutt misses the ice dragon.
The ice dragon is severely wounded.
You hit the ice dragon. You block the ice dragon's attack. x2
The ice dragon barely misses you. The ice dragon breathes frost at you.
The blast of cold misses you.
You hear a horrible gurgling sound! x2
You slash the ice dragon!
The ice dragon is almost dead.
You slash the ice dragon!
You hear a horrible gurgling sound!
The ice dragon breathes frost at you. The blast of cold hits you!!
* * * LOW HITPOINT WARNING * * *
You slash the ice dragon!
You kill the ice dragon!
Makhleb accepts your kill.
You feel better.
You slash the ice dragon!
Your spectral +1 spectral war axe hits the ice dragon!
Your Axes skill increases to level 16!
You slash the ice dragon! You headbutt the ice dragon.
The ice dragon is heavily wounded.
Your spectral +1 spectral war axe hits the ice dragon!
The ice dragon bites your spectral +1 spectral war axe.
Your spectral weapon shares its damage with you!
* * * LOW HITPOINT WARNING * * *
The ice dragon claws your spectral +1 spectral war axe!
Your spectral weapon shares its damage with you!
* * * LOW HITPOINT WARNING * * *
The ice dragon closely misses your spectral +1 spectral war axe.
You hit the ice dragon but do no damage.
The ice dragon is severely wounded.
Your spectral +1 spectral war axe barely misses the ice dragon.
The ice dragon breathes frost at you. The blast of cold hits you!!!
You die...

#..... ### #.....
.$$$ #.....
#####..... #.....
##§(D..# #.....
##§§@# #.....
##..8.## #.....
#......#######
#.)..<
......#.#......#
#.....
.....##........#
#..... .....
###......# #.....
###. #......#
#..... #. ##......#
#.....
..........####.....


You could see an ice dragon (catching breath) and a friendly spectral +1
spectral war axe (summoned).

Vanquished Creatures
  Gastronok (D:8)
  A tengu reaver (D:13)
  An ice dragon (D:15)
  2 boulder beetles (D:12)
  2 hydras (D:13)
  2 catoblepae
  A death knight (D:15)
  Erica (D:9)
  6 centaur warriors
  6 two-headed ogres
  A tengu warrior (D:14)
  5 skeletal warriors
  A wizard (D:13)
  4 deep elf pyromancers
  13 ugly things
  2 manticores
  5 cyclopes
  A gargoyle (D:12)
  2 kobold demonologists (D:11)
  4 unseen horrors
  An efreet (D:12)
  The ghost of bande the Covered, a novice GrFi of Okawaru (D:5)
  2 polar bears (D:11)
  9 meliai
  A jumping spider (shapeshifter) (D:13)
  9 trolls
  A slime creature (D:13)
  3 vampires
  3 wraiths
  5 yaks
  A basilisk (D:12)
  A vampire mosquito (D:12)
  2 steam dragons
  Edmund (D:5)
  An acid dragon (D:9)
  4 water moccasins
  A meliai simulacrum (D:13)
  5 orc warriors
  A sky beast (D:7)
  3 ice beasts
  A necrophage (D:6)
  4 wolves (D:11)
  2 ogres (D:6)
  21 centaurs
  A phantom (D:6)
  3 kobold brigands
  A gnoll sergeant (D:8)
  3 bullfrogs
  A scorpion (D:5)
  4 earth elementals (D:10)
  A water moccasin zombie (D:5)
  9 killer bees
  3 wights (D:9)
  An electric eel (D:11)
  6 howler monkeys
  A centaur zombie (D:9)
  A lava snake (D:9)
  8 orc priests
  Crazy Yiuf (D:6)
  5 gnoll shamans
  7 hounds
  2 bullfrog skeletons
  2 centaur skeletons
  3 iguanas
  13 orc wizards
  A howler monkey zombie (D:7)
  19 gnolls
  2 howler monkey skeletons (D:6)
  8 adders
  8 river rats (D:6)
  A white imp (D:6)
  An adder skeleton (D:4)
  5 worms
  4 dart slugs
  30 orcs
  3 ball pythons
  5 bats
  7 endoplasms
  2 giant cockroaches
  4 goblins
  5 hobgoblins
  13 jackals
  10 quokkas
  2 frilled lizards
  29 kobolds
  22 rats
401 creatures vanquished.

Vanquished Creatures (others)
  5 plants (D:3)
  4 toadstools (D:1)
9 creatures vanquished.

Grand Total: 410 creatures vanquished

Notes
Turn   | Place    | Note
-------+----------+-------------------------------------------
     0 | D:1      | blackman the Minotaur Fighter began the quest for the Orb.
     0 | D:1      | Reached XP level 1. HP: 19/19 MP: 0/0
   231 | D:1      | Reached XP level 2. HP: 27/27 MP: 1/1
   266 | D:1      | Found a faded altar of an unknown god.
   873 | D:2      | Reached XP level 3. HP: 25/33 MP: 2/2
  1197 | D:2      | Reached XP level 4. HP: 33/41 MP: 3/3
  1573 | D:2      | Reached skill level 5 in Fighting
  1658 | D:2      | Found a hazy altar of Hepliaklqana.
  1666 | D:2      | Got the Catalogue of Earthen Companions
  2094 | D:3      | Reached XP level 5. HP: 47/48 MP: 4/4
  3340 | D:3      | Reached skill level 5 in Axes
  3390 | D:4      | Found a broken altar of Ashenzari.
  3614 | D:4      | Found a staircase to the Ecumenical Temple.
  3648 | Temple   | Entered the Ecumenical Temple
  3703 | Temple   | Became a worshipper of Makhleb the Destroyer
  3912 | D:4      | Reached XP level 6. HP: 11/57 MP: 5/5
  4714 | D:5      | Entered Level 5 of the Dungeon
  4979 | D:5      | Noticed a water moccasin
  4988 | D:5      | Killed a water moccasin
  5202 | D:5      | Noticed Edmund
  5229 | D:5      | Killed Edmund
  5230 | D:5      | Reached XP level 7. HP: 57/66 MP: 6/6
  5248 | D:5      | Found a runed translucent gate.
  5248 | D:5      | Found a runed translucent gate.
  5248 | D:5      | Found a runed translucent gate.
  5252 | D:5      | Identified the +10 dagger of Beyond {vorpal, Int+4}
  5252 | D:5      | Identified the +2 leather armour "Vyip Xee" {Slay+3}
  5255 | D:5      | Noticed bande's ghost (novice GrFi)
  5339 | D:5      | Noticed a troll
  5349 | D:5      | HP: 3/66 [troll (10)]
  5914 | D:5      | Killed a troll
  6443 | D:5      | Reached XP level 8. HP: 70/75 MP: 7/7
  6473 | D:5      | Found a white marble altar of Elyvilon.
  6543 | D:5      | Found a basalt altar of Yredelemnul.
  6704 | D:6      | Found a runed translucent door.
  6705 | D:6      | Noticed Crazy Yiuf
  6760 | D:6      | Killed Crazy Yiuf
  7138 | D:6      | Found a hide-covered altar of Uskayaw.
  7194 | D:6      | Reached skill level 10 in Fighting
  7263 | D:6      | Reached skill level 10 in Axes
  7271 | D:6      | Reached XP level 9. HP: 83/86 MP: 8/8
  7272 | D:6      | Reached * piety under Makhleb
  7612 | D:6      | Reached ** piety under Makhleb
  7739 | D:6      | Found a glowing silver altar of Zin.
  7940 | D:7      | Found a hide-covered altar of Uskayaw.
  8564 | D:7      | Reached *** piety under Makhleb
  8815 | D:7      | Found an opulent altar of Gozag.
  8815 | D:7      | Found an ornate altar of the Wu Jian Council.
  8913 | D:8      | Found a sparkling altar of Nemelex Xobeh.
  9080 | D:8      | Found a large runed translucent door.
  9080 | D:8      | Found a large runed translucent door.
  9130 | D:8      | Reached XP level 10. HP: 68/97 MP: 9/9
  9142 | D:8      | Noticed a deep elf pyromancer
  9678 | D:8      | Noticed a brown ugly thing
  9761 | D:8      | Noticed a two-headed ogre
  9795 | D:8      | Killed a two-headed ogre
  9796 | D:8      | Reached skill level 5 in Shields
  9829 | D:8      | Noticed Gastronok
  9850 | D:8      | Found a large runed translucent door.
  9850 | D:8      | Found a large runed translucent door.
  9878 | D:8      | Noticed a skeletal warrior
  9891 | D:8      | Killed a skeletal warrior
 10306 | D:5      | Killed bande's ghost
 10533 | D:8      | Found a shimmering blue altar of Sif Muna.
 10545 | D:8      | Found an ancient bone altar of Kikubaaqudgha.
 10561 | D:8      | Got Kikubaaqudgha's Collected Works on Unholy Rituals
 10569 | D:8      | Found a radiant altar of Vehumet.
 10811 | D:8      | Killed Gastronok
 10939 | D:8      | Reached XP level 11. HP: 107/107 MP: 10/10
 10940 | D:8      | Noticed a catoblepas
 11021 | D:8      | Killed a catoblepas
 11302 | D:8      | Reached **** piety under Makhleb
 11332 | D:8      | Found an iron altar of Okawaru.
 11415 | D:8      | Killed a brown ugly thing
 11426 | D:8      | Killed a deep elf pyromancer
 11724 | D:9      | Identified the +3 scale mail of the Storm King {rC++ Int+4}
 11932 | D:9      | Noticed a two-headed ogre
 11941 | D:9      | Killed a two-headed ogre
 11946 | D:9      | Reached skill level 10 in Shields
 12076 | D:9      | Noticed Erica
 12085 | D:9      | Killed Erica
 12162 | D:10     | Entered Level 10 of the Dungeon
 13133 | D:11     | Found a bloodstained altar of Trog.
 13485 | D:11     | You fall into a shaft and drop 1 floor!
 13537 | D:11     | Found a staircase to the Lair.
 13586 | D:11     | Noticed a centaur warrior
 13724 | D:11     | Killed a centaur warrior
 14200 | D:11     | Noticed a sun demon
 14214 | D:11     | Noticed a soul eater
 14218 | D:11     | Reached ***** piety under Makhleb
 14408 | D:12     | Found a staircase to the Orcish Mines.
 14528 | D:12     | Found a snail-covered altar of Cheibriados.
 14569 | D:12     | Reached XP level 12. HP: 103/117 MP: 11/11
 14970 | D:12     | Found Saovvosu's Jewellery Emporium.
 15480 | D:12     | Noticed a two-headed ogre
 15494 | D:12     | Killed a two-headed ogre
 15510 | D:12     | Noticed a centaur warrior
 16050 | D:12     | Noticed a boulder beetle
 16059 | D:12     | Killed a boulder beetle
 16084 | D:12     | Killed a centaur warrior
 16555 | D:12     | Noticed a boulder beetle
 16564 | D:12     | Killed a boulder beetle
 16728 | D:13     | Reached skill level 15 in Fighting
 16900 | D:13     | Noticed a centaur warrior
 16906 | D:13     | Killed a centaur warrior
 16907 | D:13     | Reached skill level 15 in Axes
 17561 | D:13     | Noticed a tengu reaver
 17591 | D:13     | Noticed a two-headed ogre
 17599 | D:13     | Killed a two-headed ogre
 17600 | D:13     | Reached XP level 13. HP: 67/127 MP: 12/12
 17786 | D:13     | Killed a tengu reaver
 18925 | D:13     | Found a gate to the Vaults.
 19407 | D:13     | Reached skill level 15 in Shields
 19564 | D:14     | Found Daiquku's Distillery.
 19725 | D:14     | Bought a potion of lignification for 45 gold pieces
 19725 | D:14     | Bought a potion of heal wounds for 75 gold pieces
 20007 | D:14     | Reached skill level 1 in Evocations
 20020 | D:14     | HP: 4/128 [skeletal warrior (11)]
 20025 | D:14     | HP: 3/192 [skeletal warrior (6)]
 20042 | D:14     | Reached skill level 5 in Armour
 20948 | D:15     | Entered Level 15 of the Dungeon
 21363 | D:15     | Reached XP level 14. HP: 65/137 MP: 13/13
 21678 | D:15     | Killed from afar by an ice dragon

Illustrated notes

Levels and vault maps discovered:
D:1:      ldierk_walled_garden_2, layout_basic,
          hellmonk_ecumenical_altar_lost_god, serial_park_tiny_1
D:2:      layout_loops_cross, basic_altar, minmay_increasing_density
D:3:      minmay_evil_eye, layout_basic, serial_bayou_ford_a
D:4:      layout_loops_ring, kennysheep_mini_moat, minmay_temple_entry_poolview
D:5:      layout_rooms, kennysheep_ying_yang, biasface_ghost_orc_armoury,
          corexii_corridor_pit, lemuel_flame_loot_1, uniq_edmund
D:6:      lemuel_ratsnest, layout_gridville, kennysheep_little_box, st_stairs_4,
          minmay_ruined_shrine, uniq_crazy_yiuf_cottage
D:7:      layout_basic, nicolae_uskayaw_dance_studio,
          gammafunk_temple_overflow_statue, serial_bayou_pond_e
D:8:      layout_loops_ring, palyth_temple_overflow_mages,
          overflow_temple_1_default, old_standard_altar,
          minmay_hollow_rounded_squares, uniq_gastronok
D:9:      layout_rooms, kennysheep_decorative_pillar, uniq_erica
D:10:     minmay_stone_box, layout_basic, grunt_qazlal_clouds,
          serial_park_tiny_pond, uniq_harold
D:11:     layout_roguey, erik_lair_island, trog_ov_bears_minmay
D:12:     four-leaf_vault, layout_small_grid, david_orc_3, serial_shops,
          nicolae_shop_window_shopping, moated_statue, grunt_decor_clamped,
          abandoned_shop, minmay_liquid_box, cheibrodos_worm_habitat
D:13:     kennysheep_scales, layout_basic, david_vaults_1
D:14:     layout_loops_ring, glass_columns_b, serial_shops, nicolae_shop_stone,
          kennysheep_generic_room_12
D:15:     grunt_enter_depths_hoard, layout_long_grid, kennysheep_doodads,
          tgw_fedhas
Temple:   jpeg_temple_island

Skill      XL: |  1  2  3  4  5  6  7  8  9 10 11 12 13 14 |
---------------+-------------------------------------------+-----
Armour         | 4 7 |  7.2
Fighting       | 4 5 6 7 8 10 12 13 14 15 16 | 16.1
Axes           | 3 4 5 6 8 10 12 13 14 15 16 | 16.0
Shields        | 4 8 11 14 15 | 15.1
Evocations     | 4 |  4.4

Action                   |  1- 3 |  4- 6 |  7- 9 | 10-12 | 13-15 || total
-------------------------+-------+-------+-------+-------+-------++-------
Melee: War axe           |    70 |   188 |   288 |   413 |   165 ||  1124
       Headbutt          |     7 |    33 |    62 |   124 |    46 ||   272
       Whip              |    12 |       |       |       |       ||    12
       Scimitar          |       |       |       |       |    20 ||    20
Throw: Dart              |       |     1 |     5 |     7 |       ||    13
       Throwing net      |       |       |       |     1 |       ||     1
Invok: Minor Destruction |       |       |     9 |     2 |     3 ||    14
       Lesser Servant of |       |       |     1 |     3 |       ||     4
       Major Destruction |       |       |       |     1 |     1 ||     2
Evoke: Wand              |       |       |     5 |     6 |       ||    11
       Box of beasts     |       |       |       |       |     1 ||     1
  Use: Scroll            |       |     7 |     3 |     9 |     5 ||    24
       Potion            |       |     1 |       |     7 |     5 ||    13
 Stab: Distracted        |       |       |       |     1 |     4 ||     5
Armor: Scale mail        |    39 |     9 |       |       |       ||    48
       Plate armour      |       |   113 |   147 |   254 |    88 ||   602
       Skin              |       |       |       |       |    26 ||    26
Dodge: Dodged            |    28 |    27 |    55 |    95 |    35 ||   240
Block: Kite shield       |    49 |   112 |   140 |   288 |    70 ||   659
       Tower shield      |       |       |       |       |   106 ||   106
       Rpst.: Scimitar   |       |       |       |       |     2 ||     2

Table legend: (Time is in decaauts)
 A = Elapsed time spent in this place.
 B = Non-inter-level travel time spent in this place.
 C = Inter-level travel time spent in this place.
 D = Time resting spent in this place.
 E = Time spent auto-exploring this place.
 F = Levels seen in this place.
 G = Mean time per level.
                   A        B        C        D        E       F      G
               +--------+--------+--------+--------+--------+-----+--------+
         Total |  21915 |  20488 |   1427 |   8772 |   8196 |  16 | 1369.7 |
       Dungeon |  21693 |  20306 |   1387 |   8772 |   8026 |  15 | 1446.2 |
        Temple |    221 |    181 |     40 |      0 |    170 |   1 |  221.0 |
               +--------+--------+--------+--------+--------+-----+--------+

Top non-repeatable levels by time:
    D:12: 2861 daAuts
     D:8: 2534 daAuts
    D:13: 2289 daAuts
     D:5: 2208 daAuts
     D:3: 1407 daAuts
    D:14: 1404 daAuts
     D:4: 1291 daAuts
     D:6: 1278 daAuts
    D:11: 1264 daAuts
     D:2: 1084 daAuts
     D:7: 1014 daAuts
    D:10: 928 daAuts
     D:1: 881 daAuts
    D:15: 727 daAuts
     D:9: 515 daAuts
